 Dungeon Crawl Stone Soup version 0.29-a0-321-gf1c400731a (webtiles) character file.

Game seed: 2222946996300946213

50 YayAnonymity the Sneak (level 3, -8/21 HPs)
             Began as an Octopode Enchanter on Apr 5, 2022.
             Mangled by Crazy Yiuf
             ... wielding a +3 quarterstaff of chaos
              (18 damage)
             ... on level 2 of the Dungeon.
             The game lasted 00:03:26 (2477 turns).

YayAnonymity the Sneak (Octopode Enchanter)         Turns: 2477, Time: 00:03:26

Health: -8/21      AC:  1    Str:  7    XL:     3   Next: 79%
Magic:  6/6        EV: 13    Int: 17    God:
Gold:   12         SH:  0    Dex: 14    Spells: 4/6 levels left

rFire   . . .      SeeInvis .   a - +2 dagger
rCold   . . .      Faith    .   (no shield)
rNeg    . . .      Spirit   .   j - +0 hat
rPois   .          Reflect  .   (no amulet)
rElec   .          Harm     .   e - ring of willpower
rCorr   .          Rampage  .   (no ring)
Will    +....                   (no ring)
Stlth   ++++......              (no ring)
HPRegen 0.07/turn               (no ring)
MPRegen 0.10/turn               (no ring)
                                (no ring)
                                (no ring)

@: no status effects
A: almost no armour, amphibious, 8 rings, camouflage 1, gelatinous body 1,
(nimble swimmer 1), tentacles
a: no special abilities


You were on level 2 of the Dungeon.
You visited 1 branch of the dungeon, and saw 2 of its levels.

You collected 12 gold pieces.

Inventory:

Hand Weapons
 a - a +2 dagger (weapon)
Missiles
 c - 5 poisoned darts (quivered)
Armour
 j - a +0 hat (worn)
Jewellery
 e - a ring of willpower (left tentacle)
Scrolls
 d - a scroll of magic mapping {unknown}
 f - a scroll of blinking {unknown}
Potions
 b - 2 potions of invisibility
 g - a potion of curing {unknown}
 h - a potion of might {unknown}


   Skills:
 - Level 1.0 Short Blades
 - Level 2.0 Dodging
 * Level 5.8 Stealth
 - Level 2.0 Spellcasting
 + Level 3.5 Hexes


You had 4 spell levels left.
You knew the following spells:

 Your Spells              Type           Power      Damage    Failure   Level
a - Ensorcelled Hibernat  Hex/Ice        14%        N/A       14%         2

Your spell library contained the following spells:

 Spells                   Type           Power      Damage    Failure   Level
 Confusing Touch          Hex            13%        N/A       14%         3
 Tukima's Dance           Hex            13%        N/A       14%         3
 Dazzling Flash           Conj/Hex       14%        N/A       28%         3
 Dispersal                Tloc           0%         N/A       100%        6
 Disjunction              Tloc           0%         N/A       100%        8


Dungeon Overview and Level Annotations

Branches:
Dungeon (2/15)

Altars:

Shops:
D:1 !   D:2 ![!:

Annotations:
D:2 Crazy Yiuf


Innate Abilities, Weirdness & Mutations

You cannot wear most types of armour.
You are amphibious.
You can wear up to eight rings at the same time.
Your skin changes colour to match your surroundings (Stealth+).
Your rubbery body absorbs attacks. (AC +1, EV +1)
((You are camouflaged when in or above water. (Stealth+)))
You have tentacles for arms and can constrict up to eight enemies at once.


Message History

Found a mace.
Found a runed translucent door.
Crazy Yiuf cries, "Trifle water ragdoll!"
Crazy Yiuf grits, "Spliff Hive toodlewoodle!"
You see here a +0 whip.
The floating eye turns its gaze towards you.
Found Jaorchur's Book Boutique.
An endoplasm comes into view.
Found 26 stones.
An endoplasm is nearby!
The helpless endoplasm fails to defend itself.
You impale the endoplasm!!
You kill the endoplasm!
There is an entrance to Jaorchur's Book Boutique here.
Found a stone staircase leading down.
A quokka comes into view.
A quokka is nearby!
There is a stone staircase leading down here.
The helpless quokka fails to defend itself.
You impale the quokka!!
You kill the quokka!
No target in view!
You see here a quokka corpse.
There is an escape hatch in the ceiling here.
There is a stone staircase leading up here.
The floating eye turns its gaze towards you.
The great orb of eyes turns its gaze towards you.
You see here a +0 whip.
You open the door.
There is an open translucent door here.
You catch the helpless Crazy Yiuf completely off-guard!
You puncture Crazy Yiuf! Your grab misses Crazy Yiuf.
Crazy Yiuf is almost dead.
Crazy Yiuf hits you with a +3 quarterstaff of chaos!
Ouch! That really hurt!
You hit Crazy Yiuf. You grab Crazy Yiuf.
Crazy Yiuf is almost dead.
You constrict Crazy Yiuf, but do no damage.
Crazy Yiuf hits you with a +3 quarterstaff of chaos!!
Ouch! That really hurt!
You die...

#### ######
#)..### ##..+.##
#..g@.####......#
#...##..#.......#
#### ###.#...+..#
#######..# ##)#
### ### #.# #.#
#.# #.# #.# #.#
#.# #.#####.#
#.#####


You could see Crazy Yiuf.

Vanquished Creatures
  An adder (D:2)
  A worm (D:2)
  A dart slug (D:1)
  2 bats
  4 endoplasms (D:2)
  3 goblins (D:1)
  3 hobgoblins
  5 quokkas
  5 ball pythons
  3 frilled lizards (D:2)
  4 kobolds
  2 rats
34 creatures vanquished.

Notes
Turn   | Place    | Note
-------+----------+-------------------------------------------
     0 | D:1      | YayAnonymity the Octopode Enchanter began the quest for the
                  | Orb.
     0 | D:1      | Reached XP level 1. HP: 11/11 MP: 3/3
   609 | D:1      | Found Loel's Distillery.
   611 | D:1      | Reached XP level 2. HP: 17/17 MP: 5/5
  1132 | D:1      | Reached skill level 5 in Stealth
  1425 | D:2      | Reached XP level 3. HP: 18/21 MP: 6/6
  1631 | D:2      | Learned a level 2 spell: Ensorcelled Hibernation
  1644 | D:2      | Found a faded altar of an unknown god.
  1644 | D:2      | Noticed a golden eye
  1703 | D:2      | Noticed a golden eye
  1706 | D:2      | Noticed a floating eye
  1706 | D:2      | Noticed a great orb of eyes
  1716 | D:2      | Found Pofo's Armour Shop.
  1841 | D:2      | Found Imeoretu's Distillery.
  2163 | D:2      | Found Ecrarhed's Distillery.
  2207 | D:2      | Found a runed translucent door.
  2208 | D:2      | Noticed Crazy Yiuf
  2272 | D:2      | Found Jaorchur's Book Boutique.
  2477 | D:2      | Mangled by Crazy Yiuf

Illustrated notes

Levels and vault maps discovered:
D:1:      dpeg_arrival_oval, layout_basic, serial_shops, shop_statue
D:2:      layout_loops_ring, hellmonk_ecumenical_altar_watching_god,
          serial_shops, shop_fountains,
          nicolae_shop_temple_entry_statues_fountains, nicolae_lakefront_shop,
          shop, uniq_crazy_yiuf_cottage

Skill      XL: |  1  2 |
---------------+-------+-----
Stealth        | 5 |  5.8
Short Blades   | |  1.0
Dodging        | |  2.0
Spellcasting   | |  2.0
Hexes          | |  3.5

Action                   || total
-------------------------++-------
Melee: Dagger            ||    58
       Tentacles         ||     8
       Constrict         ||    10
Throw: Dart              ||     1
 Cast: Ensorcelled Hiber ||     2
  Use: Scroll            ||     4
 Stab: Sleeping          ||    16
       Distracted        ||     2
Armor: Skin              ||     2
Dodge: Dodged            ||    18

Table legend: (Time is in decaauts)
 A = Elapsed time spent in this place.
 B = Non-inter-level travel time spent in this place.
 C = Inter-level travel time spent in this place.
 D = Time resting spent in this place.
 E = Time spent auto-exploring this place.
 F = Levels seen in this place.
 G = Mean time per level.
                   A        B        C        D        E       F      G
               +--------+--------+--------+--------+--------+-----+--------+
         Total |   2472 |   2432 |     40 |    359 |   1761 |   2 | 1236.0 |
       Dungeon |   2472 |   2432 |     40 |    359 |   1761 |   2 | 1236.0 |
               +--------+--------+--------+--------+--------+-----+--------+

Top non-repeatable levels by time:
     D:2: 1277 daAuts
     D:1: 1195 daAuts
